 Dungeon Crawl Stone Soup version 0.29.0-11-gd7f09526c8 (webtiles) character file.

Game seed: 11063219529738467536

67 fingers the Twirler (level 3, -2/29 HPs)
             Began as a Demigod Gladiator on Sept 2, 2022.
             Shot with a sling bullet by a goblin (4 damage)
             ... led by Robin
             ... on level 2 of the Dungeon.
             The game lasted 00:03:57 (1122 turns).

fingers the Twirler (Demigod Gladiator)             Turns: 1122, Time: 00:03:58

Health: -2/29      AC:  8    Str: 19    XL:     3   Next: 70%
Magic:  5/5        EV: 11    Int: 10    God:
Gold:   101        SH:  0    Dex: 15    Spells: 2/2 levels left

rFire   . . .      SeeInvis +   a - +0 quarterstaff
rCold   . . .      Faith    .   (shield currently unavailable)
rNeg    . . .      Spirit   .   h - +0 scale mail
rPois   +          Reflect  .   c - +0 helmet
rElec   .          Harm     .   (no cloak)
rCorr   .          Rampage  .   (no gloves)
Will    .....                   (no boots)
Stlth   ..........              (no amulet)
HPRegen 0.09/turn               (no ring)
MPRegen 0.09/turn               (no ring)

@: no status effects
A: high MP 1, forlorn, divine attributes, see invisible, poison resistance,
shaggy fur 1
a: no special abilities


You were on level 2 of the Dungeon.
You visited 1 branch of the dungeon, and saw 2 of its levels.

You collected 101 gold pieces.

Inventory:

Hand Weapons
 a - a +0 quarterstaff (weapon)
Armour
 b - a +0 leather armour
 c - a +0 helmet (worn)
 h - a +0 scale mail (worn)
Scrolls
 e - 2 scrolls of identify {unknown}
 f - a scroll of vulnerability {unknown}
 k - a scroll of fear {unknown}
 l - 2 scrolls of immolation {unknown}
Potions
 g - 2 potions of curing {unknown}


   Skills:
 + Level 2.1 Fighting
 + Level 3.6 Staves
 + Level 2.0 Throwing
 + Level 0.3 Armour
 + Level 3.2 Dodging


You had 2 spell levels left.
You didn't know any spells.
Your spell library contained the following spells:

 Spells                   Type           Power      Damage    Failure   Level
 Magic Dart               Conj           0%         1d3       77%         1
 Call Imp                 Summ           0%         N/A       88%         2
 Conjure Flame            Conj/Fire      0%         6-21      98%         3
 Ignite Poison            Fire/Tmut/Pois 0%         N/A       98%         3
 Mephitic Cloud           Conj/Pois/Air  0%         N/A       98%         3
 Sticky Flame             Conj/Fire      0%         2d3       100%        4


Dungeon Overview and Level Annotations

Branches:
Dungeon (2/15)

Annotations:
D:2 Robin


Innate Abilities, Weirdness & Mutations

You have an increased reservoir of magic. (+10% MP)
You shall have no god before yourself.
Your divine heritage dramatically boosts your attributes as you level up.
You have supernaturally acute eyesight. (SInv)
Your system is resistant to poisons. (rPois)
You are covered in fur. (AC +1)


Message History

You cannot move.
You cannot move.
You cannot move.
You cannot move.
You cannot move.
You cannot move.
You cannot move.
You hit the bush.
The bush is heavily damaged.
Robin hits the bush but does no damage.
The goblin shoots a sling bullet.
The sling bullet hits you but does no damage.
You hit the bush.
The bush is heavily damaged.
Robin hits the bush but does no damage.
The goblin shoots a sling bullet.
The sling bullet hits you but does no damage.
You hit the bush.
The bush is heavily damaged.
The goblin no longer looks unusually strong.
Robin roars a battlecry!
The goblin goes into a battle-frenzy!
The goblin shoots a sling bullet.
The sling bullet hits you but does no damage.
You hear a shout!
You hit the bush but do no damage.
The bush is heavily damaged.
Robin hits the bush with a +0 trident.
The goblin shoots a sling bullet.
The sling bullet hits you but does no damage.
Something hits the bush.
Robin hits the bush but does no damage.
You hit the bush.
The bush is heavily damaged.
The goblin shoots a sling bullet.
The sling bullet hits you.
* * * LOW HITPOINT WARNING * * *
Robin hits the bush but does no damage.
You hit the bush but do no damage.
The bush is heavily damaged.
You feel less wooden.
Your +0 helmet unmelds from your body.
Your +0 scale mail unmelds from your body.
The goblin shoots a sling bullet.
The sling bullet hits you.
You die... #.... ... #....# . .. #....# .. .. #....## ... #. #.....###.. #..PPP.PPPPPPP.# #..P.....)...P.. #<.PPPPP@PPP.P #..P.).P)P...P #..P†P.P.PPP.P .. #..P.P...PgP P .. #.#P†PPPPP.P.P

..
##.#P.).Pg....P
..
#.....P.P.P.PPP.P
.. #.#
####....P.P.P.P.P
... ..
#.#P.P.P.P.PPP#
...###


You could see Robin and a goblin (strong).

Vanquished Creatures
  A gnoll (D:1)
  3 dart slugs
  3 endoplasms
  10 goblins
  10 hobgoblins
  2 jackals (D:1)
  3 kobolds
  2 quokkas (D:1)
  2 ball pythons (D:1)
  2 bats
  A frilled lizard (D:1)
  7 rats
46 creatures vanquished.

Notes
Turn   | Place    | Note
-------+----------+-------------------------------------------
     0 | D:1      | fingers the Demigod Gladiator began the quest for the Orb.
     0 | D:1      | Reached XP level 1. HP: 17/17 MP: 3/3
    59 | D:1      | Reached XP level 2. HP: 21/24 MP: 4/4
   566 | D:1      | Reached XP level 3. HP: 29/29 MP: 5/5
  1063 | D:2      | Noticed Robin
  1116 | D:2      | Gained mutation: Your system is resistant to poisons.
                  | (rPois) [potion of mutation]
  1116 | D:2      | Gained mutation: You are covered in fur. (AC +1) [potion of
                  | mutation]
  1116 | D:2      | Gained mutation: You have supernaturally acute eyesight.
                  | (SInv) [potion of mutation]
  1122 | D:2      | Shot with a sling bullet by a goblin

Illustrated notes

Levels and vault maps discovered:
D:1:      dpeg_arrival_connections, layout_rooms,
          chequers_ecumenical_altar_island, chequers_serial_rivers_small_a
D:2:      layout_basic, minmay_misc_feat_four_crosses,
          chequers_serial_rivers_small_3, minmay_hedge_maze, uniq_sigmund,
          uniq_robin

Skill      XL: |  1  2  3 |
---------------+----------+-----
Staves         | 3 |  3.6
Dodging        | 3 |  3.2
Throwing       | 2 |  2.0
Fighting       | 2 |  2.1
Armour         | |  0.3

Action                   || total
-------------------------++-------
Melee: Quarterstaff      ||   145
Throw: Javelin           ||     1
       Throwing net      ||     4
  Use: Potion            ||     2
Armor: Leather armour    ||    10
       Scale mail        ||    47
       Skin              ||    23
Dodge: Dodged            ||   101
